 Dungeon Crawl Stone Soup version 0.20-a0-1018-ge435b50 (webtiles) character file.

2671 Zoots the Cleaver (level 9, -10/70 HPs)
             Began as a Demonspawn Abyssal Knight on Apr 17, 2017.
             Was an Elder of Lugonu.
             Splashed by an oklob plant's acid (16 damage)
             ... on level 7 of the Dungeon.
             The game lasted 00:27:53 (7998 turns).

Zoots the Cleaver (Demonspawn Abyssal Knight)       Turns: 7998, Time: 00:27:54

Health: -10/70     AC: 23    Str: 16    XL:     9   Next: 37%
Magic:  10/10      EV:  5    Int: 14    God:    Lugonu [****..]
Gold:   439        SH:  0    Dex: 12    Spells: 8/8 levels left

rFire    + . .     SeeInvis .   B - +0 war axe
rCold    . . .     Gourm    .   (no shield)
rNeg     . . .     Faith    .   q - +0 plate armour
rPois    +         Spirit   .   g - +2 hat
rElec    .         Reflect  .   j - +0 cloak
rCorr    .         Harm     .   (no gloves)
MR       .....                  (no boots)
Stlth    ..........             (no amulet)
Regen    0.3/turn               w - +3 ring of protection
MPRegen  0.2/turn               b - ring of poison resistance

@: corroded, sanguine armour
A: horns 1, demonic guardian 1, fire resistance 1, sanguine armour 2
a: Depart the Abyss, Bend Space, Banish, Corrupt, Renounce Religion


You were on level 7 of the Dungeon.
You worshipped Lugonu.
Lugonu was greatly pleased with you.
You were not hungry.

You visited 1 branch of the dungeon, and saw 7 of its levels.
You visited the Abyss 1 time.

You collected 439 gold pieces.

Inventory:

Hand Weapons
 B - a +0 war axe (weapon)
Armour
 a - a +0 cloak
 g - a +2 hat (worn)
 j - a +0 cloak (worn)
 q - a +0 plate armour (worn)
Magical Staves
 J - an uncursed staff of air {unknown}
Jewellery
 b - a ring of poison resistance (right hand)
 r - an uncursed ring of wizardry {unknown}
 w - a +3 ring of protection (left hand)
 D - an uncursed ring of positive energy {unknown}
 F - a cursed -2 ring of strength {unknown}
 L - a cursed ring of loudness {unknown}
Wands
 x - a wand of polymorph (0/24)
 E - a wand of digging (6/24)
Scrolls
 d - 5 scrolls of teleportation {unknown}
 h - 2 scrolls of fear {unknown}
 i - 5 scrolls of remove curse {unknown}
 k - 13 scrolls of identify {unknown}
 n - 2 scrolls of immolation {unknown}
 p - 4 scrolls of noise {unknown}
 s - 2 scrolls of enchant armour {unknown}
 z - 2 scrolls of amnesia {unknown}
 G - a scroll of holy word {unknown}
 I - a scroll of fog {unknown}
 K - 2 scrolls of magic mapping {unknown}
 O - 2 scrolls of vulnerability {unknown}
Potions
 e - 2 potions of flight {unknown}
 l - 2 potions of agility {unknown}
 o - 2 potions of heal wounds {unknown}
 t - a potion of lignification {unknown}
 u - a potion of berserk rage {unknown}
 v - 2 potions of haste {unknown}
 A - 2 potions of degeneration {unknown}
 C - 2 potions of curing
 H - a potion of brilliance {unknown}
 M - a potion of mutation {unknown}
 P - a potion of resistance {unknown}
 Q - a potion of ambrosia {unknown}
Books
 y - a book of Air

   Spells                             Type                      Level
   a - Shock                          Conjuration/Air              1
   b - Swiftness                      Charms/Air                   2
   c - Static Discharge               Conjuration/Air              3
   d - Airstrike                      Air                          4
   e - Lightning Bolt                 Conjuration/Air              5
Comestibles
 c - 2 bread rations
 f - 4 meat rations
 m - 5 royal jellies


   Skills:
 + Level 6.3 Fighting
 + Level 8.7 Axes
 + Level 5.8 Armour
 + Level 1.8 Dodging
 + Level 2.0 Stealth
 + Level 2.6 Invocations
 + Level 0.8 Evocations


You had 8 spell levels left.
You didn't know any spells.

Dungeon Overview and Level Annotations

Branches:
Dungeon (7/15)             Temple (0/1) D:4

Altars:
Fedhas
Gozag
Nemelex Xobeh
Ru
Trog
Yredelemnul
Zin

Annotations:
D:6 1 runed door
D:7 exclusion: oklob plant, Rationalist's ghost, novice MiFi


Innate Abilities, Weirdness & Mutations

You have a pair of small horns on your head.
A weak demonic guardian rushes to your aid.
Your flesh is heat resistant. (rF+)
When seriously injured, your bleeding wounds create thick armour. (AC +9)


Message History

The oklob plant spits acid at you. The splash of acid hits you!
The acid corrodes you!
You are splashed with acid!
The acid burns!
Your white imp hits the oklob plant but does no damage.
You hit the oklob plant but do no damage.
You headbutt the oklob plant, but do no damage.
The oklob plant is lightly damaged.
You hit the plant but do no damage. The oklob plant spits acid at you.
The splash of acid hits you!
You are splashed with acid!
The acid burns!
* * * LOW HITPOINT WARNING * * *
Your white imp hits the oklob plant but does no damage.
Your white imp hits the oklob plant but does no damage.
Your white imp hits the oklob plant but does no damage.
You see here a fuming blue potion.
The oklob plant spits acid at you. The splash of acid hits you!
* * * LOW HITPOINT WARNING * * *
You are splashed with acid!
The acid burns!
You die...

#.#.##...#.).####.......
#.#.#.###......##..._...
#>#...# #.......#.⌠...⌠.
#.#...###<.....##..._...
#.#..........####.......
#............#####..8..#
###..............##...##
##....5..######.#####.
#...@!.5## #..# #.#
####.##.P# #..###.#
#.##P_P####.......
#....P........#.##
#############...# #####


You could see an oklob plant, a friendly white imp and a friendly ufetubus.

Vanquished Creatures
  An eye of devastation (D:6)
  An orc warrior (D:7)
  An ice beast (D:6)
  A sky beast (D:6)
  3 ogres
  A phantom (D:7)
  A centaur (D:5)
  2 bullfrogs
  A water moccasin zombie (D:5)
  A scorpion (D:4)
  2 centaur zombies
  A crimson imp (D:5)
  A hound (D:6)
  4 orc priests
  3 bullfrog skeletons
  A centaur skeleton (D:5)
  Jessica (D:2)
  7 orc wizards
  2 worker ants
  Robin (D:2)
  A hound skeleton (D:5)
  A howler monkey zombie (D:5)
  7 gnolls
  10 adders
  2 adder skeletons (D:4)
  4 worms
  2 dart slugs
  5 leopard geckos
  23 orcs
  12 bats
  5 giant cockroaches
  9 goblins
  11 hobgoblins
  3 jackals (D:4)
  14 kobolds
  3 quokkas
  2 ball pythons
  9 frilled lizards
  A jackal skeleton (D:5)
  2 jackal zombies
  2 quokka skeletons
  4 rats
168 creatures vanquished.

Vanquished Creatures (collateral kills)
  A human (D:4)
  An ice beast (D:6)
  2 necrophages (D:7)
  An ogre (D:6)
  2 big kobolds (D:7)
  A scorpion (D:4)
  An electric eel (D:6)
  A crimson imp (D:5)
  A hound (D:5)
  Crazy Yiuf (D:2)
  An iguana (D:5)
  2 orc wizards
  An adder (D:7)
  A leopard gecko (D:4)
  An orc (D:4)
  A kobold (D:7)
19 creatures vanquished.

Vanquished Creatures (others)
  A kobold (D:7)
1 creature vanquished.

Grand Total: 188 creatures vanquished

Notes
Turn   | Place    | Note
-------+----------+-------------------------------------------
     0 | Abyss:1  | Zoots the Demonspawn Abyssal Knight began the quest for the Orb.
     0 | Abyss:1  | Reached XP level 1. HP: 18/18 MP: 2/2
    81 | D:1      | Escaped the Abyss
   513 | D:1      | Gained mutation: When seriously injured, your bleeding wounds create armour. (AC +9) [demonic ancestry]
   513 | D:1      | Reached XP level 2. HP: 22/24 MP: 3/3
   521 | D:1      | Reached * piety under Lugonu
   533 | D:1      | Reached skill level 2 in Axes
   951 | D:2      | Reached skill level 1 in Dodging
  1029 | D:2      | Reached XP level 3. HP: 29/29 MP: 4/4
  1045 | D:2      | Noticed Robin
  1246 | D:2      | Killed Robin
  1410 | D:2      | Gained mutation: You have a pair of small horns on your head. [demonic ancestry]
  1410 | D:2      | Reached XP level 4. HP: 19/37 MP: 5/5
  1427 | D:2      | Reached skill level 3 in Axes
  1642 | D:2      | Found a runed door.
  1835 | D:2      | Reached ** piety under Lugonu
  1893 | D:2      | Noticed Jessica
  1905 | D:2      | Killed Jessica
  1905 | D:2      | Gained mutation: A weak demonic guardian rushes to your aid. [demonic ancestry]
  1905 | D:2      | Reached XP level 5. HP: 16/42 MP: 6/6
  2520 | D:2      | Noticed Crazy Yiuf
  2525 | D:2      | Killed Crazy Yiuf
  2709 | D:3      | Reached skill level 4 in Axes
  3281 | D:4      | Gained mutation: When seriously injured, your bleeding wounds create thick armour. (AC +9) [demonic ancestry]
  3281 | D:4      | Reached XP level 6. HP: 28/48 MP: 7/7
  3831 | D:4      | Found a staircase to the Ecumenical Temple.
  3846 | D:4      | Found a runed door.
  3846 | D:4      | Noticed a human
  3851 | D:4      | Found a basalt altar of Yredelemnul.
  3941 | D:4      | Killed a human
  3941 | D:4      | Reached skill level 5 in Axes
  3941 | D:4      | Gained mutation: Your flesh is heat resistant. (rF+) [demonic ancestry]
  3941 | D:4      | Reached XP level 7. HP: 48/55 MP: 8/8
  4090 | D:4      | Reached skill level 1 in Stealth
  4243 | D:4      | Reached *** piety under Lugonu
  4846 | D:5      | Entered Level 5 of the Dungeon
  5226 | D:5      | Reached skill level 5 in Armour
  5279 | D:5      | Reached XP level 8. HP: 61/61 MP: 9/9
  5309 | D:5      | Reached **** piety under Lugonu
  5401 | D:5      | Found a blossoming altar of Fedhas.
  5433 | D:5      | Reached skill level 6 in Axes
  5741 | D:6      | Reached skill level 5 in Fighting
  6230 | D:6      | Noticed a two-headed ogre
  6236 | D:6      | Noticed an eye of devastation
  6236 | D:6      | a two-headed ogre changed into an eye of devastation
  6250 | D:6      | Killed an eye of devastation
  6250 | D:6      | Reached skill level 7 in Axes
  6527 | D:6      | Found a runed door.
  6527 | D:6      | Found a glowing silver altar of Zin.
  6527 | D:6      | Noticed an angel
  6730 | D:6      | You fall through a shaft!
  6755 | D:7      | Noticed Rationalist's ghost (novice MiFi)
  7147 | D:6      | Found a bloodstained altar of Trog.
  7266 | D:7      | Reached XP level 9. HP: 69/69 MP: 10/10
  7315 | D:7      | Reached skill level 8 in Axes
  7394 | D:7      | Found a sacrificial altar of Ru.
  7516 | D:7      | Reached ***** piety under Lugonu
  7541 | D:7      | Noticed an oklob plant
  7772 | D:7      | Found a sparkling altar of Nemelex Xobeh.
  7772 | D:7      | Found an opulent altar of Gozag.
  7807 | D:7      | Found a basalt altar of Yredelemnul.
  7998 | D:7      | Splashed by an oklob plant's acid

Vault maps used:
D:1:      dpeg_arrival_short_road, serial_aquarium, aquarium_bridge_straight,
          aquarium_window_corridor_1, aquarium_window_1, aquarium_window_fake,
          aquarium_view_2f, aquarium_pool_four
D:2:      uniq_jessica, uniq_robin, uniq_crazy_yiuf_cottage
D:3:      minmay_misc_feat_chi, minmay_strange_pillars, grunt_ministairs_6,
          corexii_corridor_pit
D:4:      minmay_temple_entry_water_ring, first_bread, dk_yredelemnul_ordeal
D:5:      fedhas_bush_and_centaur_altar
D:6:      lightli_temple_of_fire, kennysheep_minor_cross, lemuel_angel_altar
D:7:      grunt_temple_overflow_opulence, nicolae_ru_great_annihilating_truth,
          lemuel_oklob_altar

Skill      XL: |  1  2  3  4  5  6  7  8  9 |
---------------+----------------------------+-----
Armour         | 2 3 4 5 |  5.8
Axes           | 2 3 4 5 7 8 |  8.7
Dodging        | 1 |  1.8
Fighting       | 4 5 6 |  6.3
Stealth        | 1 2 |  2.0
Invocations    | |  2.6
Evocations     | |  0.8

Action                   |  1- 3 |  4- 6 |  7- 9 || total
-------------------------+-------+-------+-------++-------
Melee: Hand axe          |   127 |   232 |   121 ||   480
       Headbutt          |       |    35 |    62 ||    97
       War axe           |       |       |   259 ||   259
Invok: Depart the Abyss  |     1 |       |       ||     1
Evoke: Wand              |       |       |     6 ||     6
  Use: Potion            |     1 |     1 |     1 ||     3
 Stab: Distracted        |       |     1 |     3 ||     4
       Paralysed         |       |       |     1 ||     1
  Eat: Chunk             |     2 |     1 |     7 ||    10
       Meat ration       |       |     1 |       ||     1
       Fruit             |       |     2 |     3 ||     5
       Bread ration      |       |       |     1 ||     1
Armor: Leather armour    |    26 |       |       ||    26
       Plate armour      |    78 |   218 |   319 ||   615
Dodge: Dodged            |    74 |    52 |    86 ||   212
